 Dungeon Crawl Stone Soup version 0.28.0-47-ge53b351184 (webtiles) character file.

Game seed: 3577856041248686331

364 pkoi the Chiller (level 6, -1/47 HPs)
             Began as a Demigod Ice Elementalist on Apr 27, 2022.
             Slain by a water moccasin skeleton (7 damage)
             ... on level 4 of the Dungeon.
             The game lasted 00:08:26 (5381 turns).

pkoi the Chiller (Demigod Ice Elementalist)         Turns: 5381, Time: 00:08:27

Health: -1/47      AC:  5    Str: 15    XL:     6   Next: 16%
Magic:  3/13       EV: 12    Int: 25    God:
Gold:   139        SH:  0    Dex: 17    Spells: 5/11 levels left

rFire   . . .      SeeInvis .   l - +0 lajatang
rCold   . . .      Faith    .   (shield currently unavailable)
rNeg    . . .      Spirit   .   a - +1 robe
rPois   .          Reflect  .   j - +2 hat
rElec   .          Harm     .   (no cloak)
rCorr   .          Rampage  .   (no gloves)
Will    .....                   (no boots)
Stlth   ++........              (no amulet)
HPRegen 0.15/turn               p - ring of the Crown {Str+6 Dex+3}
MPRegen 0.13/turn               (no ring)

@: very slightly contaminated
A: high MP 1, forlorn, divine attributes
a: no special abilities


You were on level 4 of the Dungeon.
You visited 1 branch of the dungeon, and saw 4 of its levels.

You collected 139 gold pieces.

Inventory:

Hand Weapons
 e - a +1 short sword
 g - a +0 dagger
 l - a +0 lajatang (weapon)
Armour
 a - a +1 robe (worn)
 j - a +2 hat (worn)
Jewellery
 p - the ring of the Crown (left hand) {Str+6 Dex+3}
   (You found it on level 4 of the Dungeon)

   [ring of strength]

   Str:       It affects your strength (+6).
   Dex:       It affects your dexterity (+3).
Wands
 c - a wand of paralysis (11)
 d - a wand of iceblast (8)
Scrolls
 b - a scroll of fear
 h - a scroll of enchant weapon
 i - 2 scrolls of identify
 k - a scroll of enchant armour
Potions
 m - a potion of degeneration
 n - a potion of haste {unknown}
 o - a potion of invisibility {unknown}
 q - a potion of heal wounds {unknown}


   Skills:
 + Level 1.0 Fighting
 + Level 1.1 Staves
 + Level 2.2 Dodging
 - Level 1.7 Stealth
 + Level 3.2 Spellcasting
 + Level 1.9 Conjurations
 + Level 4.8 Ice Magic
 + Level 2.1 Air Magic


You had 5 spell levels left.
You knew the following spells:

 Your Spells              Type           Power      Damage    Failure   Level
a - Freeze                Ice            100%       1d11      1%          1
b - Static Discharge      Conj/Air       14%        N/A       7%          2
c - Frozen Ramparts       Ice            56%        1d7       4%          3

Your spell library contained the following spells:

 Spells                   Type           Power      Damage    Failure   Level
 Ozocubu's Armour         Ice            28%        N/A       4%          3
 Mephitic Cloud           Conj/Pois/Air  10%        N/A       17%         3
 Hailstorm                Conj/Ice       20%        3d6       24%         4
 Ignite Poison            Fire/Tmut/Pois 4%         N/A       30%         3
 Freezing Cloud           Conj/Ice/Air   9%         6-21      63%         5
 Lightning Bolt           Conj/Air       7%         1d19      77%         5
 Maxwell's Capacitive Co  Air            7%         ∞         100%        8


Dungeon Overview and Level Annotations

Branches:
Dungeon (4/15)
 Temple: D:4-7

Annotations:
D:3 wall vault, Grinder


Innate Abilities, Weirdness & Mutations

You have an increased reservoir of magic. (+10% MP)
You shall have no god before yourself.
Your divine heritage dramatically boosts your attributes as you level up.


Message History

Increase (S)trength, (I)ntelligence, or (D)exterity?
You feel clever. x4
Casting: Static Discharge (safe; 7% risk of failure)
Confirm with . or Enter, or press ? or * to list all spells.
The water moccasin skeleton is struck by an arc of lightning.
The water moccasin skeleton is moderately damaged.
You are struck by an arc of lightning.
* * * LOW HITPOINT WARNING * * *
The lightning grounds out.
The water moccasin skeleton barely misses you.
Casting: Static Discharge (safe; 7% risk of failure)
Confirm with . or Enter, or press ? or * to list all spells.
The water moccasin skeleton is struck by an arc of lightning.
The water moccasin skeleton is moderately damaged.
You are struck by an arc of lightning.
* * * LOW HITPOINT WARNING * * *
The lightning grounds out.
The water moccasin skeleton closely misses you.
The water moccasin skeleton bites you.
* * * LOW HITPOINT WARNING * * *
Casting: Static Discharge (safe; 7% risk of failure)
Confirm with . or Enter, or press ? or * to list all spells.
You miscast Static Discharge.
You are very lightly contaminated with residual magic.
Nothing appears to happen.
The water moccasin skeleton bites you but does no damage.
Unknown command.
You hit the water moccasin skeleton but do no damage.
The water moccasin skeleton is moderately damaged.
The water moccasin skeleton bites you but does no damage.
You barely miss the water moccasin skeleton.
The water moccasin skeleton is moderately damaged.
The water moccasin skeleton bites you.
* * * LOW HITPOINT WARNING * * *
The water moccasin skeleton bites you.
* * * LOW HITPOINT WARNING * * *
You hit the water moccasin skeleton.
The water moccasin skeleton is heavily damaged.
The water moccasin skeleton bites you!
You die...

...........#
...........#
...........##
.####.......# ##
*#......## ##
##..##...##
.####..#####..###
..##...# ###.Z##
..#...## ###@#
>....## ###
....## ....##
.....## .##...###
### ####....###
###.# #
##.....####...##
###.......###.#


You could see a water moccasin skeleton.

Vanquished Creatures
  A necrophage (D:4)
  A water moccasin skeleton (D:4)
  A bullfrog zombie (D:4)
  A jelly (D:4)
  An orc priest (D:4)
  Terence (D:2)
  2 adders
  A worm (D:3)
  3 dart slugs
  8 orcs
  4 endoplasms
  A giant cockroach (D:4)
  3 goblins
  7 hobgoblins
  8 jackals
  3 kobolds
  3 quokkas
  2 ball pythons
  4 bats
  13 frilled lizards
  2 rats (D:1)
70 creatures vanquished.

Vanquished Creatures (collateral kills)
  A worm (D:3)
  A quokka (D:3)
  A bat (D:3)
3 creatures vanquished.

Vanquished Creatures (others)
  7 plants (D:1)
7 creatures vanquished.

Grand Total: 80 creatures vanquished

Notes
Turn   | Place    | Note
-------+----------+-------------------------------------------
     0 | D:1      | pkoi the Demigod Ice Elementalist began the quest for the
                  | Orb.
     0 | D:1      | Reached XP level 1. HP: 14/14 MP: 5/5
   634 | D:1      | Reached XP level 2. HP: 10/20 MP: 0/7
  1036 | D:1      | Reached skill level 4 in Ice Magic
  1469 | D:1      | Learned a level 2 spell: Static Discharge
  1600 | D:1      | Reached XP level 3. HP: 25/26 MP: 2/9
  2517 | D:2      | Noticed Terence
  2527 | D:2      | Learned a level 3 spell: Frozen Ramparts
  2909 | D:2      | Killed Terence
  2910 | D:2      | Reached skill level 1 in Air Magic
  3178 | D:2      | Reached XP level 4. HP: 33/33 MP: 8/10
  3874 | D:3      | Reached skill level 1 in Conjurations
  4165 | D:3      | Noticed Grinder
  4638 | D:4      | Noticed a necrophage
  4659 | D:4      | Killed a necrophage
  4660 | D:4      | Reached XP level 5. HP: 29/39 MP: 6/12
  5045 | D:4      | Identified the ring of the Crown {Str+6 Dex+3}
  5151 | D:4      | Reached skill level 1 in Staves
  5376 | D:4      | Reached skill level 1 in Fighting
  5376 | D:4      | Reached XP level 6. HP: 17/47 MP: 8/13
  5381 | D:4      | Slain by a water moccasin skeleton

Illustrated notes

Levels and vault maps discovered:
D:1:      arrival_zaba_pyramid, layout_loops_ring, minmay_lizard_king
D:2:      layout_loops_corners, dreamdust_ecumenical_altar_angels_and_demons,
          uniq_terence
D:3:      layout_basic, marbit_many_paths, due_unseen_surprise, uniq_grinder
D:4:      layout_layer_cave, lemuel_round_altar

Skill      XL: |  1  2  3  4  5 |
---------------+----------------+-----
Spellcasting   | 2 3 |  3.2
Ice Magic      | 4 |  4.8
Air Magic      | 1 2 |  2.1
Conjurations   | 1 |  1.9
Dodging        | 2 |  2.2
Staves         | 1 |  1.1
Fighting       | 1 |  1.0
Stealth        | |  1.7

Action                   |  1- 3 |  4- 6 || total
-------------------------+-------+-------++-------
Melee: Unarmed           |     2 |       ||     2
       Short sword       |     6 |     3 ||     9
       Punch             |     1 |       ||     1
       Lajatang          |       |    49 ||    49
 Cast: Freeze            |    68 |    18 ||    86
       Frozen Ramparts   |     1 |     5 ||     6
       Static Discharge  |       |     4 ||     4
  Use: Scroll            |       |     8 ||     8
 Stab: Sleeping          |     2 |     1 ||     3
Armor: Robe              |    12 |    32 ||    44
Dodge: Dodged            |    35 |    42 ||    77
